 Dungeon Crawl Stone Soup version 0.21-a0-401-g0b6bec4 (webtiles) character file.

3635 kae the Geomancer (level 10, -4/50 HPs)
             Began as a Gargoyle Earth Elementalist on Oct 23, 2017.
             Was an Initiate of Vehumet.
             Killed by divine providence
             ... invoked by an orc priest
              (12 damage)
             ... on level 7 of the Dungeon.
             The game lasted 00:15:21 (9854 turns).

kae the Geomancer (Gargoyle Earth Elementalist)     Turns: 9854, Time: 00:15:23

Health: -4/50      AC: 11    Str: 12    XL:     10   Next: 11%
Magic:  13/22      EV: 12    Int: 19    God:    Vehumet [......]
Gold:   481        SH:  0    Dex: 10    Spells: 22/26 levels left

rFire    . . .     SeeInvis +   n - +2 spear (freeze)
rCold    . . .     Gourm    .   (no shield)
rNeg     + . .     Faith    .   c - +1 robe
rPois    ∞         Spirit   .   A - +0 hat
rElec    +         Reflect  .   (no cloak)
rCorr    .         Harm     .   (no gloves)
MR       .....                  F - +0 pair of boots
Stlth    +.........             p - amulet of magic regeneration
HPRegen  0.16/turn              m - ring of see invisible
MPRegen  0.43/turn              k - ring of wizardry

@: confused, slowed, very slow
A: negative energy resistance 1, electricity resistance, unbreathing,
petrification resistance, rot immunity, AC +7
a: Renounce Religion


You were on level 7 of the Dungeon.
You worshipped Vehumet.
Vehumet was noncommittal.
You were not hungry.

You visited 2 branches of the dungeon, and saw 8 of its levels.
You also visited: Sewer.

You collected 481 gold pieces.

Inventory:

Hand Weapons
 j - a +0 club
 n - a +2 spear of freezing (weapon)
Missiles
 K - 27 stones (quivered)
Armour
 c - a +1 robe (worn)
 A - a +0 hat (worn)
 F - a +0 pair of boots (worn)
Magical Staves
 E - an uncursed staff of summoning
Jewellery
 b - an uncursed amulet of regeneration
 k - a ring of wizardry (right hand)
 m - a ring of see invisible (left hand)
 p - an amulet of magic regeneration (around neck)
Wands
 w - a wand of acid (9/15)
 y - a wand of paralysis (10/24)
Scrolls
 a - 3 scrolls of remove curse
 g - a scroll of recharging
 s - 4 scrolls of magic mapping
 t - 4 scrolls of teleportation
 B - a scroll of amnesia
 C - 2 scrolls of enchant armour
 D - a scroll of fog
Potions
 f - a potion of mutation
 h - a potion of magic
 i - 2 potions of haste {unknown}
 l - a potion of berserk rage {unknown}
 o - 4 potions of curing {unknown}
 q - 2 potions of lignification {unknown}
 r - 2 potions of agility {unknown}
 u - a potion of brilliance {unknown}
 v - 2 potions of cancellation {unknown}
 I - 2 potions of resistance
Books
 e - a book of Geomancy

   Spells                             Type                      Level
   a - Sandblast                      Earth                        1
   b - Passwall                       Transmutation/Earth          2
   c - Stone Arrow                    Conjuration/Earth            3
   d - Petrify                        Transmutation/Earth          4
   e - Lee's Rapid Deconstruction     Earth                        5
Comestibles
 d - 5 bread rations
 x - 5 fruits
 z - 2 royal jellies
 H - 2 meat rations
 J - 5 chunks of flesh


   Skills:
 - Level 1.5 Dodging
 - Level 2.1 Stealth
 + Level 8.7 Spellcasting
 + Level 6.0 Conjurations
   Level 0.7 Transmutations
 + Level 11.4 Earth Magic


You had 22 spell levels left.
You knew the following spells:

 Your Spells              Type           Power        Failure   Level  Hunger
a - Sandblast             Erth           ######       1%          1    None
b - Stone Arrow           Conj/Erth      #####.       1%          3    None


Dungeon Overview and Level Annotations

Branches:
Dungeon (7/15)             Temple (1/1) D:7

Altars:
Cheibriados
Dithmenos
Elyvilon
Fedhas
Gozag
Hepliaklqana
Kikubaaqudgha
Makhleb
Nemelex Xobeh
Okawaru
Qazlal
Sif Muna
Trog
Uskayaw
Vehumet
Wu Jian
Xom
Yredelemnul
The Shining One

Annotations:
D:4 Kavrick's ghost, amateur DsGl; Pikel


Innate Abilities, Weirdness & Mutations

You are resistant to torment.
Your stone body is resilient. (AC +7)
You are immune to poison.
You resist negative energy. (rN+)
You are resistant to electric shocks. (rElec)
You can survive without breathing.
You are immune to petrification.
You are immune to rotting.


Message History

Pain shoots through your body!
* * * LOW HITPOINT WARNING * * *
You are confused.
You feel invigorated.
The orc priest looks encouraged for a moment.
The orc priest hits you with a war axe!
* * * LOW HITPOINT WARNING * * *
The orc wizard mumbles some strange words.
The orc wizard seems to speed up.
The orc priest hits you with a flail.
* * * LOW HITPOINT WARNING * * *
You puncture the orc priest! You freeze the orc priest.
The orc priest is severely wounded.
The orc priest calls down the wrath of Beogh upon you.
Pain shoots through your body!
* * * LOW HITPOINT WARNING * * *
The orc wizard mumbles some strange words.
The orc wizard blinks!
The orc priest mumbles some strange prayers to Beogh against you.
Beogh smites you!
You die...

#.....[..#
#........#
#......^.#
#........#
##........#
.........)########
##.......o.ooY..o#
#.####.########o#
#........# #@#
#.####.#.# #o# #.#
#.#.# #.# #.#
#Y#.# #.#
#.####.#.#### #.#
#.oo..o..........
#..###.......##.#
#..# #..........#
##o. #.......#


You could see 2 orc priests and an orc wizard.

Vanquished Creatures
  Prince Ribbit (D:7)
  A yak (D:6)
  2 steam dragons (D:7)
  A hornet zombie (D:6)
  3 ice beasts (D:7)
  Duvessa (D:5)
  4 orc warriors
  A sky beast (D:5)
  A black bear (D:7)
  3 slaves (D:4)
  A necrophage (D:7)
  An ogre (D:7)
  A phantom (D:6)
  2 centaurs
  Blork the orc (D:6)
  2 bullfrogs
  Dowan (D:5)
  3 scorpions
  2 crimson imps
  5 hounds
  2 jellies (D:7)
  6 orc wizards
  A centaur skeleton (D:4)
  3 bullfrog skeletons
  7 orc priests
  Ijyb (D:5)
  Jessica (D:3)
  2 iguanas
  Natasha (D:4)
  3 worker ants
  A hound skeleton (D:4)
  2 worker ant zombies (D:5)
  4 adders
  3 river rats (Sewer)
  A shadow imp (D:6)
  An adder skeleton (D:4)
  A worm (D:6)
  A dart slug (D:2)
  8 leopard geckos
  22 orcs
  7 giant cockroaches
  7 goblins
  6 hobgoblins
  10 jackals
  5 kobolds
  A quokka (D:6)
  3 ball pythons
  4 bats
  12 frilled lizards
  17 rats
180 creatures vanquished.

Notes
Turn   | Place    | Note
-------+----------+-------------------------------------------
     0 | D:1      | kae the Gargoyle Earth Elementalist began the quest for the Orb.
     0 | D:1      | Reached XP level 1. HP: 10/10 MP: 3/3
   138 | D:1      | Reached skill level 4 in Earth Magic
   152 | D:1      | Reached XP level 2. HP: 6/15 MP: 0/5
   852 | D:2      | Reached XP level 3. HP: 19/19 MP: 3/6
   975 | D:2      | Found a burning altar of Makhleb.
   976 | D:2      | Found a glowing golden altar of the Shining One.
   976 | D:2      | Found a hazy altar of Hepliaklqana.
  1173 | D:2      | Found a burning altar of Makhleb.
  1236 | D:2      | Found a snail-covered altar of Cheibriados.
  1448 | D:3      | Noticed Jessica
  1449 | D:3      | Killed Jessica
  1449 | D:3      | Reached skill level 5 in Earth Magic
  1449 | D:3      | Reached XP level 4. HP: 24/24 MP: 6/8
  1461 | D:3      | Found a hide-covered altar of Uskayaw.
  1734 | D:3      | Found a glowing drain.
  1778 | Sewer    | Entered a sewer
  2140 | Sewer    | Reached XP level 5. HP: 28/28 MP: 7/10
  2500 | D:3      | Found a shadowy altar of Dithmenos.
  2562 | D:3      | Found a blossoming altar of Fedhas.
  2975 | D:4      | Reached skill level 6 in Earth Magic
  3118 | D:4      | Noticed Kavrick's ghost (amateur DsGl)
  3203 | D:4      | Reached XP level 6. HP: 26/32 MP: 12/12
  3622 | D:4      | Noticed Natasha
  3696 | D:4      | Learned a level 3 spell: Stone Arrow
  3703 | D:4      | Killed Natasha
  3782 | D:4      | Noticed a slave
  3784 | D:4      | Noticed a slave
  3809 | D:4      | Killed a slave
  3812 | D:4      | Killed a slave
  4101 | D:4      | Noticed Pikel
  4118 | D:4      | Noticed a slave
  4132 | D:4      | Killed a slave
  4966 | D:4      | Noticed a two-headed ogre
  4981 | D:5      | Entered Level 5 of the Dungeon
  4981 | D:5      | Noticed Duvessa
  4981 | D:5      | Noticed Dowan
  5056 | D:5      | Reached skill level 7 in Earth Magic
  5067 | D:5      | Killed Duvessa
  5067 | D:5      | Reached skill level 5 in Spellcasting
  5067 | D:5      | Reached XP level 7. HP: 33/36 MP: 3/14
  5071 | D:5      | Killed Dowan
  5319 | D:5      | Noticed Ijyb
  5328 | D:5      | Paralysed by Ijyb for 4 turns
  5332 | D:5      | Killed Ijyb
  5461 | D:5      | Reached skill level 8 in Earth Magic
  5856 | D:5      | Found an opulent altar of Gozag.
  5942 | D:6      | Reached XP level 8. HP: 34/41 MP: 16/16
  6312 | D:6      | Noticed a yak
  6312 | D:6      | Noticed Blork the orc
  6388 | D:4      | Reached skill level 9 in Earth Magic
  6733 | D:6      | Killed Blork the orc
  7590 | D:6      | Found an ancient bone altar of Kikubaaqudgha.
  7637 | D:6      | Reached skill level 1 in Conjurations
  7831 | D:6      | Killed a yak
  7831 | D:6      | Reached XP level 9. HP: 32/45 MP: 6/19
  7987 | D:5      | Reached skill level 10 in Earth Magic
  8316 | D:7      | Noticed Prince Ribbit
  8472 | D:7      | Killed Prince Ribbit
  8579 | D:7      | Found a staircase to the Ecumenical Temple.
  8607 | Temple   | Entered the Ecumenical Temple
  8681 | Temple   | Became a worshipper of Vehumet
  9109 | D:7      | Reached skill level 5 in Conjurations
  9198 | D:7      | Reached skill level 11 in Earth Magic
  9651 | D:7      | Reached XP level 10. HP: 46/50 MP: 12/22
  9697 | D:7      | Found a stormy altar of Qazlal.
  9854 | D:7      | Killed from afar by an orc priest

Vault maps used:
D:1:      tarquinn_simple_flora_water_a
D:2:      kennysheep_slug_shrine, gammafunk_temple_overflow_claw, bloody_makhleb
D:3:      nicolae_overflow_crystal_walls, marbit_many_paths,
          nicolae_dithmenos_through_a_glass_darkly, portal_sewer_entry_f,
          uniq_jessica
D:4:      uniq_menkaure, uniq_pikel, uniq_natasha
D:5:      grunt_gozag_breadcrumbs, first_bread, minmay_crystal_water, uniq_ijyb,
          uniq_duvessa
D:6:      hangedman_cross_stitches, lemuel_round_altar, uniq_blork_the_orc
D:7:      cheibrodos_steamvent, old_standard_altar,
          minmay_temple_entry_statues_fountains, grunt_ministairs_5,
          uniq_prince_ribbit1
Temple:   compressed_dpeg_triangle_lava_temple
Sewer:    sewer_co_cracked_pipes

Skill      XL: |  1  2  3  4  5  6  7  8  9 10 |
---------------+-------------------------------+-----
Earth Magic    | 4 5 6 7 8 9 11 | 11.4
Spellcasting   | 3 4 5 7 8 |  8.7
Conjurations   | 2 5 6 |  6.0
Dodging        | |  1.5
Stealth        | |  2.1
Transmutations | |  0.7

Action                   |  1- 3 |  4- 6 |  7- 9 | 10-12 || total
-------------------------+-------+-------+-------+-------++-------
Melee: Unarmed           |    15 |       |       |       ||    15
       Club              |    16 |    28 |       |       ||    44
       Spear             |       |    53 |   184 |    22 ||   259
 Cast: Sandblast         |    36 |    95 |    41 |       ||   172
       Stone Arrow       |       |     7 |    99 |    19 ||   125
  Use: Scroll            |     4 |     8 |     4 |       ||    16
       Potion            |       |       |     1 |     1 ||     2
 Stab: Sleeping          |     3 |     6 |     1 |       ||    10
  Eat: Chunk             |     1 |     6 |    16 |     2 ||    25
       Meat ration       |       |     1 |       |       ||     1
Armor: Robe              |    11 |    49 |    86 |    16 ||   162
Dodge: Dodged            |    36 |    81 |   170 |    18 ||   305

Table legend:
 A = Spawn XP
 B = Non-spawn XP
 C = Spawn XP percentage of total XP
 D = Spawn monster count
 E = Non-spawn monster count
 F = Spawn count percentage of total count
 G = Total turns spent on level
                    A         B        C        D         E        F      G
               +---------+---------+-------+---------+---------+-------+---------
         Total |       0 |    5193 |   0.0 |       0 |     177 |   0.0 |  9854
               +---------+---------+-------+---------+---------+-------+---------
           D:1 |       0 |      32 |   0.0 |       0 |      19 |   0.0 |   810
           D:2 |       0 |      24 |   0.0 |       0 |      14 |   0.0 |   638
           D:3 |       0 |     134 |   0.0 |       0 |      19 |   0.0 |  1253
           D:4 |       0 |     331 |   0.0 |       0 |      13 |   0.0 |  1679
           D:5 |       0 |     812 |   0.0 |       0 |      29 |   0.0 |  1424
           D:6 |       0 |    1282 |   0.0 |       0 |      25 |   0.0 |  2049
           D:7 |       0 |    2510 |   0.0 |       0 |      39 |   0.0 |  1284
         Sewer |       0 |      68 |   0.0 |       0 |      19 |   0.0 |   624
               +---------+---------+-------+---------+---------+-------+---------
